 Dungeon Crawl Stone Soup version 0.17-a0-1804-gf6433eb (webtiles) character file.

190 kae the Slasher (level 5, -1/34 HPs)
             Began as a High Elf Skald on Sept 11, 2015.
             Killed by divine providence
             ... invoked by an orc priest
              (15 damage)
             ... on level 3 of the Dungeon.
             The game lasted 00:04:57 (3566 turns).

kae the Slasher (High Elf Skald)                    Turns: 3566, Time: 00:04:57

Health: -1/34      AC:  5    Str: 12    XL:     5   Next: 41%
Magic:  8/9        EV: 10    Int: 16    God:
Gold:   144        SH:  3    Dex: 14    Spells: 1 memorised, 7 levels left

rFire  . . .     SeeInvis .     a - +0 falchion
rCold  . . .     Clarity  .     b - +0 leather armour
rNeg   . . .     SustAt   .     p - +0 buckler
rPois  +         Gourm    .     (no helmet)
rElec  .         Spirit   .     o - +0 cloak
rCorr  .         Warding  .     e - +0 pair of gloves
rMut   .         Stasis   .     (no boots)
MR     .....                    (no amulet)
Stlth  +.........               s - ring of poison resistance
                                (no ring)

@: not resistant to hostile enchantments, very unstealthy
A: no striking features
a: no special abilities


You were on level 3 of the Dungeon.
You were not hungry.

You visited 1 branch of the dungeon, and saw 3 of its levels.

You collected 144 gold pieces.

Inventory:

Hand weapons
 a - a +0 falchion (weapon)
Armour
 b - a +0 leather armour (worn)
 e - a +0 pair of gloves (worn)
 o - a +0 cloak (worn)
 p - a +0 buckler (worn)
Jewellery
 s - a ring of poison resistance (right hand)
Scrolls
 j - a scroll of identify
 m - a scroll of fog
 r - a scroll of remove curse
Potions
 k - a potion of agility
 q - a potion of poison
Books
 c - a book of Battle

   Spells                             Type                      Level
   a - Infusion                       Charms                       1
   b - Shroud of Golubria             Charms/Translocation         2
   c - Song of Slaying                Charms                       2
   d - Spectral Weapon                Hexes/Charms                 3
   e - Regeneration                   Charms/Necromancy            3
Comestibles
 d - 4 bread rations
 f - 3 fruits
 h - a beef jerky
 i - 2 meat rations
 l - a slice of pizza


   Skills:
 - Level 2.0 Fighting
 + Level 6.9 Long Blades
 - Level 0.8 Armour
 - Level 1.1 Dodging
 - Level 2.4 Spellcasting
 - Level 3.6 Charms


You had 7 spell levels left.
You knew the following spells:

 Your Spells              Type           Power        Failure   Level  Hunger
a - Infusion              Chrm           ##....       12%         1    #......


Dungeon Overview and Level Annotations

Branches:
Dungeon (3/15)

Altars:
Gozag
Qazlal
Yredelemnul
Zin
The Shining One


Message History

The orc priest mumbles some strange prayers to Beogh against you.
Something smites you!
A giant newt comes into view.
Unknown command.
Unknown command.
Read which item? (? for menu, Esc to quit)
Okay, then.
Drink which item? (? for menu, Esc to quit)
Okay, then.
Eat which item? (? for menu, Esc to quit)
Okay, then.
Drink which item? (? for menu, Esc to quit)
It was a potion of poison.
You feel slightly nauseous. The orc closely misses you.
The orc hits you but does no damage.
Your magical infusion is running out.
The orc grunts loudly.
You are no longer magically infusing your attacks.
The orc priest calls down the wrath of Beogh upon you.
Something smites you!
You die...

#.....####### #.....####
#.....# #.........
#....l# #.........
#.....####### #.........
#####oo.....####.....#'##
#.......##..........[
#...o...##.##########
#.......##.# #.##@#####.#
#.##.# #.#
#.##.#####.#######
#.##.............#
#.##(################
#.##.# #.# #.##.# #.#
#.##.# #.# ..# #.#


You could see an orc priest, 2 orcs and a giant newt.

Vanquished Creatures
  A scorpion (D:3)
  An orc priest (D:3)
  Jessica (D:3)
  An adder (D:2)
  An ooze (D:3)
  3 worms (D:3)
  2 giant geckos
  4 orcs
  8 bats
  3 giant cockroaches (D:1)
  8 goblins
  5 hobgoblins
  A ball python (D:1)
  2 giant newts (D:1)
  5 kobolds
  12 rats
58 creatures vanquished.

Notes
Turn   | Place    | Note
--------------------------------------------------------------
     0 | D:1      | kae the High Elf Skald began the quest for the Orb.
     0 | D:1      | Reached XP level 1. HP: 14/14 MP: 4/4
   398 | D:1      | Reached XP level 2. HP: 6/19 MP: 6/6
   972 | D:1      | Reached skill level 4 in Long Blades
  1493 | D:2      | Reached XP level 3. HP: 16/24 MP: 3/7
  2046 | D:2      | Found a glowing golden altar of the Shining One.
  2046 | D:2      | Found an opulent altar of Gozag.
  2400 | D:3      | Reached skill level 5 in Long Blades
  2400 | D:3      | Reached XP level 4. HP: 10/29 MP: 2/8
  2705 | D:3      | Noticed a scorpion
  2931 | D:3      | Killed a scorpion
  2931 | D:3      | Reached skill level 6 in Long Blades
  2931 | D:3      | Reached XP level 5. HP: 29/34 MP: 9/9
  3376 | D:3      | Found a basalt altar of Yredelemnul.
  3376 | D:3      | Found a glowing silver altar of Zin.
  3376 | D:3      | Noticed Jessica
  3383 | D:3      | Killed Jessica
  3387 | D:3      | Found a stormy altar of Qazlal.
  3566 | D:3      | Killed from afar by an orc priest

Vault maps used:
D:1:      dpeg_arrival_more_subterranean_lakeside_camping
D:2:      gammafunk_temple_overflow_elements, minmay_misc_feat_room
D:3:      gammafunk_temple_overflow_claw, uniq_jessica

Action                   |  1- 3 |  4- 6 || total
-------------------------+-------+-------++-------
Melee: Falchion          |   135 |    70 ||   205
 Cast: Infusion          |     8 |     6 ||    14
  Use: Scroll            |     6 |     1 ||     7
       Potion            |       |     3 ||     3
 Stab: Sleeping          |     2 |     1 ||     3
  Eat: Chunk             |     3 |     6 ||     9
